Map: Hardwire LE

Players

ftwoamove - Winner!

  • Race: Terran Terran
  • League: Platinum
  • Spawn Location: 7:00

GopStop

  • Race: Zerg Zerg
  • League: Platinum
  • Spawn Location: 1:00

VOD

Have the link to the VOD?

Description

Time

  • Played on: May 28, 2022, 4:05 p.m.
  • Length: 15:31
Show
View Real Time Build Order
Export as new Build Order

ftwoamove Terran - Winner!

Build Orders:  

Get SALT Encoding   

  12  0:00  SCV  
  13  0:12  SCV  
  14  0:18  Supply Depot  
  14  0:24  SCV  
  15  0:39  SCV  
  15  0:41  Barracks  
  16  0:46  Refinery  
  16  0:52  SCV  
  17  1:04  SCV  
  18  1:16  SCV  
  19  1:29  Orbital Command  
  19  1:30  Marine  
  20  1:40  Command Center  
  20  1:52  Marine  
  20  1:53  Supply Depot  
  21  2:03  SCV  
  22  2:10  Factory  
  22  2:16  SCV  
  23  2:28  SCV  
  24  2:36  Barracks Reactor  
  24  2:37  Supply Depot  
  24  2:40  SCV  
  25  2:52  SCV  
  26  3:00  Orbital Command  
  26  3:04  SCV  
  27  3:10  Factory Tech Lab  
  27  3:11  Refinery  
  27  3:15  Marine x2  
  27  3:16  SCV  
  30  3:20  Bunker  
  30  3:28  SCV  
  30  3:29  SCV  
  30  3:30  Barracks  
  30  3:33  Siege Tank  
  35  3:40  SCV  
  36  3:41  SCV  
  37  3:52  SCV  
  37  3:53  Marine x2  
  37  3:54  SCV  
  41  4:04  SCV  
  41  4:06  SCV  
  43  4:17  Command Center, SCV  
  44  4:18  SCV  
  45  4:29  SCV  
  45  4:30  Supply Depot, Barracks Tech Lab, SCV  
  45  4:31  Supply Depot, Marine x2  
  48  4:37  Starport  
  49  4:39  Siege Tank  
  49  4:41  SCV  
  49  4:43  SCV  
  54  4:51  Marine x2  
  56  4:53  SCV  
  56  4:54  Marauder  
  56  4:58  Stimpack  
  56  4:59  SCV  
  60  5:05  SCV  
  61  5:07  Refinery  
  61  5:11  SCV, Refinery  
  61  5:13  Engineering Bay  
  62  5:16  Engineering Bay  
  62  5:18  Supply Depot  
  62  5:22  SCV  
  62  5:23  Supply Depot  
  62  5:25  Marine  
  64  5:32  SCV  
  64  5:34  Orbital Command, SCV  
  66  5:40  Starport Reactor  
  66  5:43  Terran Infantry Weapons Level 1, Terran Infantry Armor Level 1  
  66  5:44  SCV  
  66  5:46  SCV  
  68  5:50  Marine x3  
  68  5:51  Armory  
  68  5:57  SCV  
  72  6:01  Supply Depot  
  72  6:03  Supply Depot  
  72  6:08  Siege Tank, Marine x2  
  77  6:19  SCV x3  
  77  6:23  Marine  
  77  6:25  Orbital Command, Medivac  
  81  6:26  Marine, Medivac  
  86  6:38  SCV x2  
  88  6:44  Marine x3  
  91  6:50  SCV x2  
  91  6:53  Combat Shield  
  93  6:55  SCV  
  93  6:56  Supply Depot  
  93  6:57  Supply Depot  
  94  7:02  Marine, SCV x2  
  94  7:07  SCV  
  98  7:11  Barracks  
  98  7:12  Barracks x2, Terran Vehicle Weapons Level 1  
  98  7:13  Marine x2  
  98  7:14  Thor, SCV x2  
  108  7:15  Medivac  
  108  7:20  Marine, SCV  
  112  7:26  SCV x2  
  114  7:30  Marine x2  
  114  7:32  SCV  
  117  7:37  Marine  
  117  7:38  SCV x2  
  117  7:44  SCV  
  121  7:48  Marine x2  
  121  7:50  Command Center, SCV x2  
  125  7:55  Marine  
  125  7:56  SCV  
  125  7:57  Supply Depot, Terran Infantry Weapons Level 2  
  125  7:58  Terran Infantry Armor Level 2  
  127  7:59  Supply Depot x2  
  127  8:02  SCV  
  127  8:05  SCV  
  129  8:06  Marine x2  
  129  8:08  SCV  
  132  8:13  Marine  
  132  8:18  SCV x2  
  138  8:21  SCV  
  138  8:24  Marine x2  
  134  8:31  Marine, SCV x2  
  134  8:36  Barracks Reactor x3  
  124  8:42  Marine x2  
  124  8:43  Supply Depot  
  124  8:45  Supply Depot, Concussive Shells  
  124  8:47  Supply Depot  
  125  8:48  Widow Mine  
  125  8:49  Marine, Medivac  
  128  8:59  Marine, SCV x3  
  128  9:00  Marine  
  133  9:07  Marine  
  136  9:10  Widow Mine  
  136  9:11  SCV x2  
  136  9:16  Marine x5, SCV, Refinery  
  136  9:17  Marine x2  
  144  9:18  Marauder  
  144  9:19  Medivac x2, Refinery  
  144  9:23  SCV x2  
  154  9:24  Marine  
  154  9:28  Orbital Command  
  154  9:31  Thor  
  161  9:34  Marine x6  
  161  9:35  Marine  
  168  9:39  Marauder  
  168  9:41  Barracks, SCV x3  
  168  9:42  Marine  
  168  9:43  Barracks  
  168  9:44  Barracks  
  174  9:46  Barracks x2  
  174  9:48  Barracks  
  174  9:49  Medivac  
  174  9:52  Marine x6  
  181  9:53  SCV x3  
  181  9:55  Marine  
  186  10:00  Marine  
  186  10:01  Marauder  
  186  10:03  Command Center  
  186  10:05  SCV  
  190  10:10  Marine x3  
  190  10:13  Marine, SCV x2  
  196  10:20  Marine  
  196  10:22  Marine  
  196  10:28  Marine x3  
  196  10:29  Marine, SCV  
  196  10:30  Marine x2  
  196  10:31  SCV, Marine  
  196  10:32  Siege Tank  
  193  10:42  Marine x3  
  193  10:49  Supply Depot  
  196  10:50  Supply Depot  
  196  10:52  Supply Depot x2, Marine x2  
  196  10:53  Marine x4  
  196  10:57  Marine  
  199  10:58  Marine x2  
  199  10:59  Marine  
  199  11:00  Marine x3  
  193  11:09  Marine  
  193  11:10  Marine x2  
  193  11:11  Marine x4  
  193  11:14  Marine  
  193  11:16  Marine x2  
  193  11:17  Planetary Fortress  
  192  11:24  Command Center, Marine x4  
  193  11:26  Thor  
  193  11:28  Marauder  
  192  11:45  Marine x10  
  198  11:50  Marauder  
  198  11:52  Marine x3  
  198  11:53  Medivac x2  
  189  11:54  Terran Infantry Weapons Level 3  
  189  11:55  Terran Vehicle Weapons Level 2, Terran Infantry Armor Level 3  
  187  12:02  Marine x2  
  187  12:03  Marine x2  
  187  12:04  Marine x6  
  197  12:09  Marine x3  
  200  12:29  Barracks  
  199  12:30  Barracks  
  199  12:32  Barracks  
  199  12:33  Barracks  
  199  12:41  Barracks  
  199  12:42  Barracks  
  181  12:54  SCV x3  
  181  12:55  Marine x7  
  181  12:56  Marine x7  
  189  13:13  Marine x7  
  189  13:14  Marine x4  
  189  13:16  Planetary Fortress  
  200  13:22  Command Center  
  200  13:35  Command Center  
  157  13:49  Marine x14  
  157  13:50  Command Center  
  157  13:51  Barracks Reactor  
  157  13:53  Command Center, Marine x5  
  176  13:57  Siege Tank  
  177  14:07  Marine x14  
  184  14:17  Marine x5  
  183  14:24  Marine x3  
  183  14:25  Marine  
  183  14:26  Marine x4  
  183  14:27  Marine x6  
  199  14:31  Hi-Sec Auto Tracking  
  199  14:35  Marine  
  200  14:39  Barracks Reactor  
  200  14:42  Marine x2  
  200  14:45  Barracks Reactor x3  
  200  14:46  Barracks Reactor  
  200  14:54  Barracks Reactor  
Show
View Real Time Build Order
Export as new Build Order

GopStop Zerg 

Build Orders: Hatch First, Lurkers 

Get SALT Encoding   

  12  0:30  Hatchery  
  12  0:32  Drone  
  12  0:35  Drone  
  12  0:40  Drone  
  14  0:58  Spawning Pool  
  14  1:02  Drone  
  14  1:08  Drone, Extractor  
  14  1:17  Overlord  
  14  1:38  Drone x3  
  17  1:45  Queen  
  19  1:48  Drone  
  19  1:53  Drone  
  21  2:05  Drone  
  21  2:06  Queen  
  24  2:13  Zergling x2  
  24  2:14  Zergling x2  
  26  2:17  Zergling x2  
  27  2:23  Metabolic Boost  
  27  2:42  Drone  
  27  2:43  Overlord  
  28  2:51  Overlord  
  28  3:03  Drone  
  29  3:06  Drone x2, Hatchery  
  30  3:17  Drone x2  
  32  3:23  Extractor  
  32  3:24  Drone x2  
  33  3:34  Drone  
  34  3:51  Zergling x4  
  34  3:55  Lair  
  36  3:56  Baneling Nest  
  36  3:58  Drone x3  
  38  4:03  Drone  
  38  4:04  Drone x2  
  41  4:26  Queen  
  43  4:31  Drone, Extractor  
  43  4:32  Drone, Extractor  
  43  4:33  Drone x3  
  43  4:36  Overlord  
  43  4:37  Overlord  
  43  4:38  Queen  
  46  4:40  Drone x2  
  47  5:00  Zergling x10  
  47  5:01  Zergling x2  
  53  5:22  Drone x5  
  53  5:26  Drone x3  
  61  5:29  Overlord x2  
  61  5:30  Overlord x4  
  61  5:33  Centrifugal Hooks  
  61  5:39  Hydralisk Den  
  60  5:45  Baneling x5  
  60  6:08  Zergling x6  
  63  6:27  Muscular Augments  
  63  6:28  Hydralisk x6  
  63  6:29  Hatchery  
  74  6:35  Hatchery  
  73  6:52  Hydralisk x2  
  73  6:53  Hydralisk x5  
  87  7:11  Lurker Den  
  87  7:12  Infestation Pit  
  87  7:13  Drone x3  
  88  7:21  Overlord  
  88  7:27  Evolution Chamber  
  88  7:29  Evolution Chamber, Hydralisk x3  
  88  7:30  Hydralisk x2  
  96  7:38  Grooved Spines  
  96  8:15  Baneling x2  
  96  8:16  Baneling  
  96  8:17  Lurker  
  96  8:18  Lurker  
  96  8:19  Lurker  
  91  8:48  Hydralisk x5  
  90  8:49  Hydralisk x6  
  90  8:52  Zergling x4  
  90  8:53  Zergling x12  
  90  8:54  Zergling x4  
  122  8:59  Overlord x4  
  122  9:03  Zerg Missile Weapons Level 1  
  122  9:05  Zerg Ground Armor Level 1  
  98  10:41  Zergling x14  
  99  10:54  Hydralisk x5  
  99  10:55  Zergling x10  
  90  11:20  Lurker  
  68  11:52  Hydralisk x7  
  68  11:53  Hydralisk x5  
  88  12:08  Zergling x8  
  86  12:31  Baneling x5  
  86  12:32  Baneling x3  
  47  13:03  Zergling x10  
  47  13:04  Zergling x16  
  47  13:05  Zergling x10  
  65  13:23  Baneling x7  
  65  13:24  Baneling x7  
  65  13:25  Baneling x4  
  65  13:26  Baneling x8  
  65  13:27  Baneling x4  
  65  13:30  Hydralisk  
  65  13:31  Hydralisk x3  
  53  13:51  Zergling x2  
  53  13:52  Zergling x12  
  49  14:38  Hydralisk x2  
  49  14:39  Hydralisk x4  
  49  14:40  Hatchery  
  49  14:45  Hatchery  
  59  14:46  Hatchery  
  58  14:57  Zergling x4  
  58  14:59  Baneling x5  
  60  15:00  Baneling x5  
Tags
 
Composition
Lurkers
Matchup
TvZ
Spawn Locations
Cross Positions
Add a new tag
Caveats
  • Supply blocks, unpowered buildings, or Contaminate may cause inaccurate times.
  • Supply counts are checked every 10 seconds.